 Dungeon Crawl Stone Soup version 0.27.1-37-g7b29ead8ac (webtiles) character file.

Game seed: 15321478425524877675

51 AarnesTheHuman the Changer (level 3, -1/26 HPs)
             Began as a Merfolk Transmuter on Aug 28, 2023.
             Was an Initiate of Makhleb.
             Killed from afar by Natasha (10 damage)
             ... with a magic dart
             ... on level 3 of the Dungeon.
             The game lasted 00:03:56 (3861 turns).

AarnesTheHuman the Changer (Merfolk Transmuter)     Turns: 3861, Time: 00:03:56

Health: -1/26      AC:  3    Str: 16    XL:     3   Next: 83%
Magic:  3/6        EV: 12    Int: 13    God:    Makhleb [......]
Gold:   150        SH:  3    Dex: 14    Spells: 0/6 levels left

rFire    . . .     SeeInvis .     - Unarmed
rCold    . . .     Faith    .   n - +0 buckler
rNeg     . . .     Spirit   .   a - +0 robe
rPois    .         Reflect  .   (helmet currently unavailable)
rElec    .         Harm     .   e - +0 cloak
rCorr    .         Rampage  .   (no gloves)
Will     .....                  (boots currently unavailable)
Stlth    +.........             (no amulet)
HPRegen  0.08/turn              m - +6 ring of strength
MPRegen  0.10/turn              (no ring)

@: appendages, wereblooded
A: horns 2, (nimble swimmer 2), mertail
a: End Transformation, Renounce Religion


You were on level 3 of the Dungeon.
You worshipped Makhleb.
Makhleb was noncommittal.
You had temporarily grown beastly horns.
You visited 1 branch of the dungeon, and saw 3 of its levels.

You collected 150 gold pieces.

Inventory:

Hand Weapons
 d - a +0 club
Armour
 a - a +0 robe (worn)
 e - a +0 cloak (worn)
 n - a +0 buckler (worn)
Jewellery
 m - a +6 ring of strength (left hand)
Scrolls
 j - a scroll of enchant armour {unknown}
 k - 2 scrolls of fear {unknown}
 l - a scroll of amnesia {unknown}
 o - a scroll of summoning {unknown}
 p - a scroll of immolation {unknown}
 r - a scroll of identify {unknown}
Potions
 b - a potion of berserk rage {unknown}
 c - a potion of degeneration {unknown}
 f - 2 potions of lignification {unknown}
 g - a potion of brilliance {unknown}
 h - 3 potions of haste {unknown}
 i - 2 potions of curing {unknown}
 q - a potion of attraction {unknown}


   Skills:
 - Level 1.1 Fighting
 - Level 2.6 Dodging
 - Level 3.2 Unarmed Combat
 - Level 2.0 Spellcasting
 - Level 5.0 Transmutations
 + Level 1.3 Poison Magic


You couldn't memorise any spells.
You knew the following spells:

 Your Spells              Type           Power      Damage    Failure   Level
a - Beastly Appendage     Tmut           28%        N/A       5%          1
b - Wereblood             Tmut           14%        N/A       9%          2
c - Spider Form           Tmut/Pois      4%         N/A       34%         3

Your spell library contained the following spells:

 Spells                   Type           Power      Damage    Failure   Level
 Freeze                   Ice            4%         1d3       38%         1
 Magic Dart               Conj           4%         1d3       38%         1
 Searing Ray              Conj           2%         3d3       54%         2
 Frozen Ramparts          Ice            2%         1d2       77%         3
 Ice Form                 Ice/Tmut       7%         N/A       83%         4
 Fulminant Prism          Conj/Hex       0%         3d6       99%         4
 Hailstorm                Conj/Ice       1%         3d3       99%         4


Dungeon Overview and Level Annotations

Branches:
Dungeon (3/15)

Altars:
Makhleb
Qazlal
Sif Muna

Shops:
D:3 *:

Annotations:
D:2 1 runed translucent door, exclusion: door, Crazy Yiuf
D:3 Natasha


Innate Abilities, Weirdness & Mutations

You have temporarily grown beastly horns.
((You are quick and stealthy near water. (Stealth+, EV+, Speed+++)))
Your lower body shifts to a powerful aquatic tail in water.


Message History

You barely miss the giant cockroach.
The giant cockroach is heavily wounded.
The giant cockroach barely misses you.
You barely miss the giant cockroach.
The giant cockroach is heavily wounded.
Natasha hisses angrily.
The giant cockroach barely misses you.
You hit the giant cockroach but do no damage.
The giant cockroach is heavily wounded.
The giant cockroach barely misses you.
Natasha mumbles some strange words.
Casting: Beastly Appendage (safe; 5% risk of failure)
Confirm with . or Enter, or press ? or * to list all spells.
Your blood is infused with primal strength.
The giant cockroach bites you but does no damage.
Natasha casts a spell.
The giant cockroach bites you but does no damage.
You closely miss the giant cockroach.
The giant cockroach is heavily wounded.
Natasha stares at you and mumbles some strange words.
The magic dart hits you. The giant cockroach misses you.
Casting: Wereblood (safe; 9% risk of failure)
Confirm with . or Enter, or press ? or * to list all spells.
You grow a pair of large bovine horns.
The crimson imp blinks!
The giant cockroach closely misses you. Natasha closely misses you.
You hit the giant cockroach but do no damage.
The giant cockroach is heavily wounded.
The giant cockroach bites you. The iron imp closely misses you.
Natasha claws you.
You barely miss the giant cockroach.
The giant cockroach is heavily wounded.
The giant cockroach bites you but does no damage.
You block Natasha's attack. The iron imp hits you!
The giant cockroach barely misses you.
You hit the giant cockroach but do no damage.
Your headbutt misses the giant cockroach.
The giant cockroach is heavily wounded.
Natasha casts a spell at you. The magic dart hits you!
You die...

###.......§§.^....
....≈§≈≈.≈§§≈.....
##§§......§≈..###
#§≈.≈≈.≈≈§≈..#
#§..≈...≈...##
#.≈≈≈._.≈≈≈..#
#####5...........#
#..#...h<...##....#.###
#....B@5....##...(#....
#.##.####...[..#######.
# #.####......... #.#
#.##.....# #.#
#.##...#.. #.#
#.##...### #.# #.######
#.# #.# #.#


You could see an iron imp (summoned), Natasha, a crimson imp (summoned) and a
giant cockroach.

Vanquished Creatures
  An adder (D:2)
  A dart slug (D:1)
  7 endoplasms
  2 giant cockroaches
  6 goblins
  3 hobgoblins
  2 jackals (D:2)
  A quokka (D:2)
  2 ball pythons
  2 bats (D:2)
  2 frilled lizards
  3 kobolds
  6 rats
  A spectral goblin (D:1)
39 creatures vanquished.

Notes
Turn   | Place    | Note
-------+----------+-------------------------------------------
     0 | D:1      | AarnesTheHuman the Merfolk Transmuter began the quest for
                  | the Orb.
     0 | D:1      | Reached XP level 1. HP: 15/15 MP: 3/3
    24 | D:1      | Reached skill level 3 in Transmutations
   252 | D:1      | Reached XP level 2. HP: 17/21 MP: 3/5
   456 | D:1      | Found a faded altar of an unknown god.
   463 | D:1      | Reached skill level 4 in Transmutations
   678 | D:1      | Learned a level 2 spell: Wereblood
  1063 | D:1      | Reached XP level 3. HP: 26/26 MP: 6/6
  1211 | D:1      | Learned a level 3 spell: Spider Form
  1409 | D:2      | Found a runed translucent door.
  1410 | D:2      | Noticed Crazy Yiuf
  1995 | D:2      | Found a shimmering blue altar of Sif Muna.
  2253 | D:2      | Reached skill level 1 in Poison Magic
  3207 | D:3      | Found Qal Camp's Book Shop.
  3488 | D:3      | Reached skill level 5 in Transmutations
  3539 | D:3      | Found Udghoj's General Store.
  3603 | D:3      | Found a burning altar of Makhleb.
  3614 | D:3      | Became a worshipper of Makhleb the Destroyer
  3706 | D:3      | Found a stormy altar of Qazlal.
  3720 | D:3      | Noticed Natasha
  3861 | D:3      | Killed from afar by Natasha

Illustrated notes

Levels and vault maps discovered:
D:1:      giann_bridges, layout_loops_ring, serial_co_window_serial,
          co_window_of_opportunity_a, co_window_corner_a,
          co_window_of_opportunity_a, co_window_corner_a,
          co_window_of_opportunity_a, co_window_cross_3, co_window_2corner,
          co_window_unsneaky_path_a, glass_columns_a, glass_columns_a,
          dreamdust_ecumenical_altar_drowned_temple, kennysheep_doodads
D:2:      layout_basic, basic_altar, uniq_crazy_yiuf_cottage
D:3:      layout_loops_ring, overflow_temple_1_default,
          mainiacjoe_overflow_large_starburst, serial_shops, nicolae_shop_stone,
          nicolae_square_shop, uniq_natasha

Skill      XL: |  1  2  3 |
---------------+----------+-----
Transmutations | 3 4 5 |  5.0
Poison Magic   | 1 |  1.3
Fighting       | |  1.1
Dodging        | |  2.6
Unarmed Combat | |  3.2
Spellcasting   | |  2.0

Action                   || total
-------------------------++-------
Melee: Unarmed           ||    99
       Headbutt          ||    19
       Tailslap          ||     2
 Cast: Beastly Appendage ||    29
       Wereblood         ||    13
 Stab: Sleeping          ||     3
Armor: Robe              ||    16
Dodge: Dodged            ||    55
Block: Buckler           ||     4
